 Dungeon Crawl Stone Soup version 0.28-a0-563-gf77a47075d (webtiles) character file.

Game seed: 8037168847255751369

18 bearlyready the Slasher (level 2, -3/29 HPs)
             Began as a Gnoll Cinder Acolyte on Sept 29, 2021.
             Was a High Priest of Ignis.
             Slain by a gnoll (4 damage)
             ... on level 1 of the Dungeon.
             The game lasted 00:01:28 (1278 turns).

bearlyready the Slasher (Gnoll Cinder Acolyte)      Turns: 1278, Time: 00:01:28

Health: -3/29      AC:  5    Str: 13    XL:     2   Next: 66%
Magic:  5/5        EV:  7    Int: 13    God:    Ignis [*****.]
Gold:   44         SH:  6    Dex:  7    Spells: 6/6 levels left

rFire   + . .      SeeInvis .   a - -1 falchion (flame)
rCold   . . .      Faith    .   k - +0 kite shield
rNeg    . . .      Spirit   .   j - +0 ring mail
rPois   .          Reflect  .   (no helmet)
rElec   .          Harm     .   (no cloak)
rCorr   .          Rampage  .   (no gloves)
Will    .....                   (no boots)
Stlth   ..........              (no amulet)
HPRegen 0.09/turn               (no ring)
MPRegen 0.09/turn               (no ring)

@: no status effects
A: fangs 1, strong nose, distributed training
a: Renounce Religion, Sea of Fire, Foxfire Swarm, Rising Flame


You were on level 1 of the Dungeon.
You worshipped Ignis.
Ignis was extremely pleased with you.
You visited 1 branch of the dungeon, and saw 2 of its levels.

You collected 44 gold pieces.

Inventory:

Hand Weapons
 a - a -1 falchion of flaming (weapon)
 g - a +0 mace of holy wrath
Missiles
 f - 4 javelins (quivered)
Armour
 b - a +0 robe
 j - a +0 ring mail (worn)
 k - a +0 kite shield (worn)
Scrolls
 e - a scroll of teleportation {unknown}
 h - a scroll of enchant armour {unknown}
 l - a scroll of identify {unknown}
Potions
 c - a potion of heal wounds {unknown}
 d - a potion of curing {unknown}
 i - 2 potions of flight {unknown}


   Skills:
 + Level 6.5 Fighting
 + Level 0.5 Short Blades
 + Level 6.5 Long Blades
 + Level 0.5 Axes
 + Level 0.5 Maces & Flails
 + Level 0.5 Polearms
 + Level 0.5 Staves
 + Level 0.5 Slings
 + Level 0.5 Bows
 + Level 0.5 Crossbows
 + Level 0.5 Throwing
 + Level 0.5 Armour
 + Level 0.5 Dodging
 + Level 0.5 Stealth
 + Level 0.5 Shields
 + Level 0.5 Unarmed Combat
 + Level 2.7 Spellcasting
 + Level 0.3 Conjurations
 + Level 0.3 Hexes
 + Level 0.3 Summonings
 + Level 0.3 Necromancy
 + Level 0.3 Translocations
 + Level 0.3 Transmutations
 + Level 5.3 Fire Magic
 + Level 0.3 Ice Magic
 + Level 0.3 Air Magic
 + Level 0.3 Earth Magic
 + Level 0.3 Poison Magic
 + Level 0.6 Invocations
 + Level 0.5 Evocations


You had 6 spell levels left.
You didn't know any spells.
Your spell library contained the following spells:

 Spells                   Type           Power      Damage    Failure   Level
 Scorch                   Fire           30%        2d7       50%         2


Dungeon Overview and Level Annotations

Branches:
Dungeon (2/15)

Altars:

Shops:
D:1 =


Innate Abilities, Weirdness & Mutations

You have very sharp teeth.
Your uncanny sense of smell can sniff out nearby items.
Your experience applies equally to all skills.


Message History

You closely miss the gnoll. Your bite misses the gnoll.
The gnoll hits you with a +0 spear!
You hit the gnoll. You burn the gnoll.
The gnoll is severely wounded.
The gnoll barely misses you.
Your shield and ring mail prevent you from hitting the gnoll.
The gnoll is severely wounded.
The gnoll hits you but does no damage. x2
You completely miss the gnoll.
The gnoll is severely wounded.
The gnoll hits you but does no damage.
You closely miss the gnoll.
The gnoll is severely wounded.
The gnoll hits you with a +0 spear.
You hit the gnoll but do no damage.
The gnoll is severely wounded.
You block the gnoll's attack. The gnoll hits you with a +0 spear.
You hit the gnoll but do no damage.
The gnoll is severely wounded.
The gnoll barely misses you.
You barely miss the gnoll. You bite the gnoll, but do no damage.
The gnoll is severely wounded.
The gnoll barely misses you.
Your shield prevents you from hitting the gnoll.
The gnoll is severely wounded.
The gnoll barely misses you. The gnoll hits you with a +0 spear.
You closely miss the gnoll.
The gnoll is severely wounded.
You block the gnoll's attack.
You hit the gnoll. You burn the gnoll.
The gnoll is almost dead.
The gnoll hits you with a +0 spear!
* * * LOW HITPOINT WARNING * * *
You aren't carrying any items that you can evoke.
Okay, then.
Okay, then.
Your shield and ring mail prevent you from hitting the gnoll.
The gnoll is almost dead.
The gnoll hits you with a +0 spear.
You die...

############# #...........#
############# ..#########.#
##...........#### ###
##|###...########.##.##
#.....g@.......##.#.#.##
#..###...#####.##..###.#
#..# ##.######....## ##.
#..####........##..###..
###
#.....#.###.........#...
..#
##.##.#.###.#...........
#.# #.##†...##.#.###.##....
#.# #........#.#.##...#.#..
#.#
#####....##.........#......


You could see a gnoll.

Vanquished Creatures
  A bat (D:1)
  An endoplasm (D:1)
  A giant cockroach (D:1)
  4 hobgoblins (D:1)
  2 quokkas (D:1)
  2 ball pythons (D:1)
  A frilled lizard (D:1)
  5 rats (D:1)
17 creatures vanquished.

Notes
Turn   | Place    | Note
-------+----------+-------------------------------------------
     0 | D:1      | bearlyready the Gnoll Cinder Acolyte began the quest for
                  | the Orb.
     0 | D:1      | Reached XP level 1. HP: 23/23 MP: 4/4
     8 | D:1      | Noticed a black mamba
     8 | D:1      | Noticed a seven-headed hydra
    43 | D:1      | Noticed a black bear
   337 | D:1      | Reached XP level 2. HP: 29/29 MP: 5/5
   674 | D:1      | Found a faded altar of an unknown god.
   715 | D:1      | Found Wook's Jewellery Boutique.
  1277 | D:1      | HP: 1/29 [gnoll (8)]
  1278 | D:1      | Slain by a gnoll

Illustrated notes

Levels and vault maps discovered:
D:1:      onia_arrival_zoo_common, layout_loops_ring, serial_shops,
          nicolae_diamond_shop, chequers_ecumenical_altar_grove, minmay_cupped
D:2:      layout_loops_corners

Action                   || total
-------------------------++-------
Melee: Falchion          ||    68
       Bite              ||     5
Armor: Robe              ||     7
       Ring mail         ||     5
Dodge: Dodged            ||    33
Block: Kite shield       ||     3

Table legend: (Time is in decaauts)
 A = Elapsed time spent in this place.
 B = Non-inter-level travel time spent in this place.
 C = Inter-level travel time spent in this place.
 D = Time resting spent in this place.
 E = Time spent auto-exploring this place.
 F = Levels seen in this place.
 G = Mean time per level.
                   A        B        C        D        E       F      G
               +--------+--------+--------+--------+--------+-----+--------+
         Total |   1282 |   1241 |     41 |      0 |   1029 |   2 |  641.0 |
       Dungeon |   1282 |   1241 |     41 |      0 |   1029 |   2 |  641.0 |
               +--------+--------+--------+--------+--------+-----+--------+

Top non-repeatable levels by time:
     D:1: 1241 daAuts
     D:2: 40 daAuts
